Map: Catalyst LE

Players

Zanster - Winner!

  • Race: Zerg Zerg
  • Spawn Location: 11:00

HateMe

  • Race: Zerg Zerg
  • Spawn Location: 5:00

Event: WCS Leipzig 2018

VOD

Have the link to the VOD?

Description

Time

  • Played on: Jan. 26, 2018, 7:21 a.m.
  • Length: 8:41

All games in this series

Show
View Real Time Build Order
Export as new Build Order

Zanster Zerg - Winner!

Build Orders: Hatch First 

Get SALT Encoding   

  12  0:01  Drone  
  13  0:12  Overlord  
  13  0:17  Drone  
  14  0:30  Drone x2  
  14  0:34  Drone  
  17  0:54  Hatchery  
  17  0:55  Drone  
  17  0:58  Drone  
  18  1:09  Extractor  
  17  1:13  Spawning Pool  
  17  1:17  Drone  
  17  1:20  Drone  
  18  1:28  Drone  
  19  1:44  Drone  
  20  1:49  Overlord  
  20  2:01  Queen  
  20  2:06  Queen  
  20  2:07  Zergling x4  
  26  2:10  Metabolic Boost  
  26  2:12  Drone  
  27  2:17  Drone  
  27  2:22  Drone  
  29  2:28  Drone  
  30  2:31  Baneling Nest  
  30  2:32  Drone  
  30  2:43  Zergling x4  
  32  2:53  Drone  
  32  2:54  Overlord  
  33  3:01  Zergling x2  
  34  3:11  Hatchery  
  33  3:16  Drone x5, Baneling  
  33  3:19  Drone x3  
  41  3:26  Overlord  
  41  3:31  Queen  
  41  3:32  Drone  
  44  3:44  Overlord  
  44  3:45  Baneling x2  
  43  3:49  Drone x6  
  49  4:00  Drone  
  49  4:01  Drone, Evolution Chamber  
  50  4:06  Extractor  
  50  4:08  Extractor  
  50  4:09  Roach Warren  
  46  4:11  Zergling x4  
  48  4:17  Zergling x2  
  48  4:19  Overlord  
  48  4:24  Drone  
  48  4:25  Drone x5  
  48  4:32  Drone  
  48  4:34  Drone  
  48  4:36  Zerg Missile Weapons Level 1  
  48  4:37  Drone  
  48  4:44  Baneling  
  48  4:45  Baneling  
  47  4:46  Drone x2  
  47  4:51  Zergling x2  
  47  4:52  Zergling x2  
  51  4:54  Drone  
  51  4:55  Drone  
  51  4:56  Lair  
  51  4:57  Drone x3  
  51  4:59  Drone  
  57  5:05  Overlord  
  57  5:06  Baneling x2  
  57  5:09  Zergling x2  
  57  5:10  Zergling x2  
  59  5:19  Baneling  
  59  5:24  Drone x10  
  59  5:25  Drone  
  70  5:30  Overlord  
  70  5:37  Overlord  
  70  5:43  Extractor  
  70  5:44  Zergling x6  
  70  5:46  Overlord  
  70  5:49  Drone x2  
  74  5:51  Drone x2  
  74  5:56  Overlord  
  72  6:00  Glial Reconstitution  
  72  6:06  Extractor, Roach x6  
  72  6:10  Roach x2  
  87  6:16  Roach x3  
  87  6:17  Overlord  
  93  6:19  Roach  
  93  6:25  Roach  
  87  6:33  Roach  
  87  6:34  Roach x3  
  87  6:36  Roach  
  96  6:41  Roach x4  
  104  6:50  Roach x5  
  104  6:52  Overlord  
  114  6:55  Roach  
  114  6:58  Overseer  
  114  6:59  Roach x2  
  120  7:06  Overlord  
  120  7:09  Overlord  
  120  7:13  Roach x4  
  128  7:16  Overlord  
  128  7:21  Roach  
  128  7:22  Overlord  
  129  7:24  Roach x2  
  129  7:26  Roach  
  135  7:31  Ravager  
  135  7:32  Ravager x3  
  135  7:34  Roach x2  
  143  7:37  Drone x3  
  143  7:38  Drone  
  143  7:40  Drone  
  148  7:52  Roach  
  148  7:53  Roach x5  
  148  7:55  Drone x2  
  140  8:01  Drone x4  
  140  8:02  Drone  
  133  8:07  Ravager x2  
  133  8:10  Roach x3  
  137  8:16  Roach x3  
  139  8:21  Ravager, Roach  
  140  8:27  Ravager  
Show
View Real Time Build Order
Export as new Build Order

HateMe Zerg 

Build Orders: Hatch First 

Get SALT Encoding   

  12  0:01  Drone  
  13  0:12  Overlord  
  13  0:16  Drone  
  14  0:31  Drone x2  
  14  0:35  Drone  
  17  0:52  Hatchery  
  17  0:55  Drone  
  17  0:58  Drone  
  17  1:02  Extractor  
  17  1:13  Spawning Pool  
  17  1:17  Drone  
  17  1:20  Drone  
  18  1:28  Drone  
  19  1:38  Overlord  
  19  1:50  Drone  
  20  2:00  Zergling x2, Queen  
  23  2:03  Metabolic Boost  
  23  2:04  Queen  
  23  2:07  Zergling x2  
  26  2:11  Drone  
  26  2:15  Drone  
  28  2:22  Drone  
  29  2:25  Drone  
  30  2:38  Hatchery  
  30  2:41  Zergling x2  
  30  2:42  Zergling x2  
  31  2:49  Baneling Nest, Drone  
  31  2:52  Drone  
  31  2:56  Drone  
  33  2:59  Drone  
  33  3:05  Overlord  
  34  3:12  Drone x2  
  36  3:18  Overlord  
  36  3:24  Drone x3  
  36  3:25  Drone  
  40  3:29  Queen  
  40  3:32  Baneling x2  
  40  3:33  Zergling x2  
  43  3:36  Zergling x2  
  43  3:39  Drone  
  43  3:41  Drone  
  46  3:42  Drone  
  46  3:44  Drone  
  46  3:45  Drone  
  46  3:47  Drone  
  49  3:52  Drone  
  49  3:53  Drone  
  51  3:56  Overlord  
  51  4:00  Evolution Chamber  
  51  4:01  Baneling x2  
  50  4:08  Zergling x4  
  52  4:11  Drone, Extractor  
  52  4:12  Drone  
  52  4:23  Zergling x14  
  54  4:36  Zerg Missile Weapons Level 1  
  53  4:40  Drone, Lair  
  53  4:42  Roach Warren, Queen  
  55  4:46  Baneling  
  55  4:47  Baneling  
  55  4:48  Drone x3  
  55  4:51  Drone  
  55  4:52  Baneling  
  59  4:53  Overlord  
  59  4:54  Drone  
  59  4:56  Drone  
  59  4:58  Drone  
  59  4:59  Drone  
  62  5:00  Drone  
  62  5:02  Drone  
  64  5:09  Baneling, Extractor  
  64  5:14  Drone  
  64  5:16  Overlord  
  64  5:19  Drone  
  63  5:23  Drone x7  
  69  5:31  Overlord x2  
  69  5:40  Glial Reconstitution  
  69  5:43  Hydralisk Den  
  69  5:47  Roach x2  
  68  5:57  Drone x9  
  68  5:58  Drone  
  68  5:59  Baneling x2  
  68  6:03  Extractor  
  77  6:05  Roach x4  
  77  6:06  Roach, Extractor  
  77  6:07  Extractor  
  77  6:10  Overlord  
  85  6:12  Drone  
  85  6:13  Drone  
  85  6:16  Drone  
  88  6:22  Overlord  
  88  6:24  Drone x2  
  86  6:33  Drone x3  
  89  6:41  Lurker Den  
  89  6:43  Overlord  
  89  6:45  Roach x4  
  96  6:50  Hatchery, Overlord  
  96  6:54  Roach x2  
  99  6:58  Roach x2  
  107  7:01  Roach x3  
  109  7:12  Roach x7  
  123  7:19  Overlord  
  123  7:20  Roach  
  123  7:21  Roach x2  
  129  7:27  Overlord  
  129  7:28  Overlord x2  
  130  7:35  Overlord x2  
  130  7:36  Overlord  
  130  7:40  Roach x4  
  130  7:42  Overlord  
  138  7:46  Overlord  
  138  7:47  Roach  
  138  7:48  Roach x2  
  138  7:50  Overseer  
  142  7:54  Roach  
  142  7:55  Roach  
  120  8:01  Spine Crawler  
  120  8:02  Roach  
  120  8:03  Roach  
  120  8:04  Roach x3  
  115  8:05  Roach  
  115  8:06  Roach x2  
  115  8:08  Roach  
  111  8:13  Roach  
  111  8:15  Roach  
  111  8:16  Roach  
  111  8:18  Roach  
  90  8:22  Roach  
  96  8:34  Lurker Den  
Tags
 
Add a new tag
Caveats
  • Supply blocks, unpowered buildings, or Contaminate may cause inaccurate times.
  • Supply counts are checked every 10 seconds.